 Dungeon Crawl Stone Soup version 0.17-a0-870-gcb215c1 (webtiles) character file.

1675 krabocopter the Cleaver (level 9, -7/64 HPs)
             Began as a Formicid Fighter on Apr 29, 2015.
             Was a Believer of Okawaru.
             Killed from afar by an electric eel (9 damage)
             ... with a bolt of electricity
             ... on level 6 of the Dungeon on Apr 30, 2015.
             The game lasted 00:22:32 (5538 turns).

krabocopter the Cleaver (Formicid Fighter)          Turns: 5538, Time: 00:22:32

Health: -7/64      AC:  9    Str: 20    XL:     9   Next: 21%
Magic:  18/18      EV:  8    Int:  9    God:    Okawaru [**....]
Gold:   202        SH: 10    Dex: 13    Spells: 0 memorised, 8 levels left

rFire  . . .     SeeInvis +     l - +2 halberd (chop)
rCold  . . .     Clarity  .     b - +0 scale mail
rNeg   . . .     SustAb   .     c - +0 shield
rPois  .         Gourm    .     (helmet unavailable)
rElec  .         Spirit   .     y - +0 cloak {MR+}
rCorr  .         Warding  .     m - +0 pair of gloves
rMut   .         Stasis   +     (no boots)
MR     +....                    (no amulet)
Stlth  ..........               (no ring)
                                a - ring of magical power

@: somewhat resistant to hostile enchantments, extremely unstealthy
A: permanent stasis, dig shafts and tunnels, four strong arms, antennae 3
a: Dig, Shaft Self, Heroism, Renounce Religion


You were on level 6 of the Dungeon.
You worshipped Okawaru.
Okawaru was pleased with you.
You were not hungry.

You visited 1 branch of the dungeon, and saw 6 of its levels.

You collected 235 gold pieces.
You spent 33 gold pieces at shops.

Inventory:

Hand weapons
 d - a +0 scythe
 l - a +2 halberd of chopping (weapon)
 B - a +0 battleaxe
Armour
 b - a +0 scale mail (worn)
 c - a +0 shield (worn)
 m - a +0 pair of gloves (worn)
 y - a +0 cloak of magic resistance (worn)
 G - the +2 leather armour of the Manifold Tales {rPois rF+ MR- Dex-3}
   (You found it on level 4 of the Dungeon)

   It affects your dexterity (-3).
   It protects you from fire.
   It protects you from poison.
   It affects your resistance to hostile enchantments.
Jewellery
 a - a ring of magical power (left hand)
Magical devices
 p - a wand of lightning (11)
 r - a wand of lightning (11)
 H - a wand of cold (12)
 K - a wand of digging (10)
Scrolls
 f - a scroll of blinking {unknown}
 h - 2 scrolls of enchant weapon {unknown}
 i - 2 scrolls of immolation {unknown}
 j - 6 scrolls of identify
 k - 2 scrolls of amnesia {unknown}
 o - a scroll of magic mapping {unknown}
 q - a scroll of enchant armour {unknown}
 s - 2 scrolls of remove curse {unknown}
 u - 3 scrolls of teleportation {unknown}
 C - 3 scrolls of random uselessness {unknown}
 D - a scroll of noise {unknown}
Potions
 g - a potion of invisibility {unknown}
 n - 2 potions of curing
 v - a potion of poison {unknown}
 w - a potion of degeneration
 x - a potion of berserk rage {unknown}
 z - a potion of brilliance {unknown}
 E - a potion of magic {unknown}
 I - a potion of flight {unknown}
Books
 L - a book of Envenomations

   Spells                             Type                      Level
   a - Spider Form                    Transmutation/Poison         3
   b - Alistair's Intoxication        Transmutation/Poison         4
   c - Olgreb's Toxic Radiance        Poison                       4
   d - Poisonous Cloud                Conjuration/Poison/Air       6
Comestibles
 e - 5 bread rations
 t - 2 beef jerkies
 A - 4 meat rations
 F - 2 slices of pizza
 J - 5 chunks of flesh


   Skills:
 - Level 3.2 Fighting
 - Level 9.4(10.0) Axes
 + Level 5.5(8.2) Polearms
 - Level 3.2 Armour
 - Level 4.7 Shields


You had 8 spell levels left.
You didn't know any spells.

Dungeon Overview and Level Annotations

Branches:
Dungeon (6/15)             Temple (0/1) D:5

Altars:
Cheibriados
Dithmenos
Elyvilon
Fedhas
Okawaru
Qazlal
Sif Muna
Yredelemnul
The Shining One

Shops:
D:5 !!*


Innate Abilities, Weirdness & Mutations

You are under a permanent stasis effect.
You can dig through walls and to a lower floor.
Your four strong arms can wield two-handed weapons with a shield.
You have a pair of large antennae on your head (SInv).


Message History

The electric eel is severely wounded.
The electric eel shoots out a bolt of lightning at you!
The bolt of electricity hits you!
You closely miss the electric eel.
The electric eel is severely wounded.
You barely miss the electric eel.
The electric eel is severely wounded.
The electric eel shoots out a bolt of lightning at you!
The bolt of electricity hits you!
* * * LOW HITPOINT WARNING * * *
You closely miss the electric eel.
The electric eel is severely wounded.
The electric eel shoots out a bolt of lightning at you!
The bolt of electricity hits you!
* * * LOW HITPOINT WARNING * * *
You closely miss the electric eel.
The electric eel is severely wounded.
The electric eel shoots out a bolt of lightning at you!
The bolt of electricity hits you!
You die...

##...## #.
##)## ##
##.# # #..#
# #.## { #
#.# # #.# {
{ #
#######.####
#
#≈≈≈≈≈@....#
#
#≈###;#$##.#
# ≈≈≈.... #
#
≈≈#≈≈.###.#
..... #.≈
#≈≈# # #..#
. #≈≈ ≈≈≈
##≈ ≈


You could see an electric eel.

Vanquished Creatures
  The ghost of emiel the Chiller, an average HEIE (D:4)
  Sigmund (D:2)
  An orc warrior (D:4)
  A phantom (D:4)
  3 ogres
  A centaur (D:4)
  A scorpion (D:5)
  2 hounds (D:5)
  3 orc wizards
  Crazy Yiuf (D:3)
  A gnoll shaman (D:4)
  3 orc priests
  A giant frog skeleton (D:4)
  An iguana (D:6)
  6 worker ants
  A worker ant zombie (D:5)
  Robin (D:4)
  5 gnolls
  6 adders
  A shadow imp (D:5)
  A worm (D:4)
  5 giant geckos
  21 orcs
  11 bats
  3 giant cockroaches
  9 hobgoblins
  12 jackals
  15 kobolds
  2 ball pythons (D:6)
  6 giant newts
  18 goblins
  A quokka (D:5)
  15 rats
160 creatures vanquished.

Notes
Turn   | Place    | Note
--------------------------------------------------------------
     0 | D:1      | krabocopter, the Formicid Fighter, began the quest for the Orb.
     0 | D:1      | Reached XP level 1. HP: 18/18 MP: 1/1
    33 | D:1      | Reached XP level 2. HP: 14/24 MP: 2/2
    74 | D:1      | Reached skill level 4 in Shields
   392 | D:1      | Reached XP level 3. HP: 29/29 MP: 3/3
   719 | D:2      | Reached XP level 4. HP: 30/35 MP: 4/4
  1045 | D:2      | Found a snail-covered altar of Cheibriados.
  1050 | D:2      | Noticed Sigmund
  1066 | D:2      | Killed Sigmund
  1066 | D:2      | Reached skill level 5 in Axes
  1066 | D:2      | Reached XP level 5. HP: 30/41 MP: 5/5
  1066 | D:2      | Reached XP level 6. HP: 34/47 MP: 6/6
  1341 | D:3      | Found an iron altar of Okawaru.
  1358 | D:3      | Became a worshipper of Warmaster Okawaru
  1488 | D:3      | Reached skill level 6 in Axes
  1898 | D:3      | Reached XP level 7. HP: 47/52 MP: 7/7
  1931 | D:3      | Noticed Crazy Yiuf
  1941 | D:3      | Killed Crazy Yiuf
  2016 | D:3      | Found a stormy altar of Qazlal.
  2310 | D:4      | Noticed Robin
  2313 | D:4      | Killed Robin
  2453 | D:4      | Acquired Okawaru's first power
  2453 | D:4      | Reached skill level 7 in Axes
  2965 | D:4      | Noticed emiel's ghost (average HEIE)
  3001 | D:4      | Killed emiel's ghost
  3001 | D:4      | Reached skill level 8 in Axes
  3001 | D:4      | Reached XP level 8. HP: 17/58 MP: 8/8
  3304 | D:4      | Reached skill level 9 in Axes
  3683 | D:4      | Reached skill level 1 in Polearms
  4011 | D:4      | Got a dazzling leather armour
  4012 | D:4      | Identified the +2 leather armour of the Manifold Tales {rPois rF+ MR- Dex-3} (You found it on level 4 of the Dungeon)
  4238 | D:5      | Entered Level 5 of the Dungeon
  4238 | D:5      | Found a staircase to the Ecumenical Temple.
  4290 | D:5      | Found a deep blue altar of Sif Muna.
  4465 | D:5      | Found a basalt altar of Yredelemnul.
  4466 | D:5      | Found a shadowy altar of Dithmenos.
  4467 | D:5      | Found a glowing golden altar of the Shining One.
  4467 | D:5      | Found a white marble altar of Elyvilon.
  4763 | D:5      | Reached XP level 9. HP: 50/64 MP: 9/9
  4866 | D:5      | Found Teitt's Distillery.
  4878 | D:5      | Found Isoly's Distillery.
  5015 | D:5      | Found Moimmeam's Assorted Antiques.
  5053 | D:5      | Bought a potion of curing for 33 gold pieces
  5201 | D:5      | Found a blossoming altar of Fedhas.
  5328 | D:6      | Reached skill level 5 in Polearms
  5537 | D:6      | HP: 2/64 [electric eel/bolt of electricity (11)]
  5538 | D:6      | Killed from afar by an electric eel

Action                   |  1- 3 |  4- 6 |  7- 9 || total
-------------------------+-------+-------+-------++-------
Melee: War axe           |   105 |   137 |    14 ||   256
       Battleaxe         |       |       |   108 ||   108
       Halberd           |       |       |   187 ||   187
Invok: Heroism           |       |       |     1 ||     1
  Use: Potion            |       |     2 |     5 ||     7
       Scroll            |       |       |     1 ||     1
  Eat: Chunk             |       |     4 |    10 ||    14
       Pizza             |       |       |     1 ||     1
